 Dungeon Crawl Stone Soup version 0.23.2-1-ga50397a (webtiles) character file.

Game seed: 10743363072437573874

223 sankara the Firebug (level 5, -4/38 HPs)
             Began as a Draconian Fire Elementalist on May 29, 2019.
             Was a Follower of Vehumet.
             Slain by an ogre
             ... wielding a +0 giant spiked club
              (24 damage)
             ... on level 4 of the Dungeon.
             The game lasted 00:17:31 (3828 turns).

sankara the Firebug (Draconian Fire Elementalist)   Turns: 3828, Time: 00:17:32

Health: -4/38      AC:  7    Str: 10    XL:     5   Next: 66%
Magic:  6/9        EV: 12    Int: 16    God:    Vehumet [*.....]
Gold:   223        SH:  0    Dex: 12    Spells: 2/10 levels left

rFire    . . .     SeeInvis .   a - +0 dagger (holy)
rCold    . . .     Gourm    .   (no shield)
rNeg     . . .     Faith    .   (armour unavailable)
rPois    .         Spirit   .   (helmet restricted)
rElec    .         Reflect  .   (no cloak)
rCorr    .         Harm     .   u - +0 pair of gloves
MR       .....                  r - +0 pair of boots
Stlth    ++........             q - amulet of the acrobat
HPRegen  0.12/turn              (no ring)
MPRegen  0.11/turn              (no ring)

@: no status effects
A: unfitting armour, cold-blooded, AC +5
a: Renounce Religion


You were on level 4 of the Dungeon.
You worshipped Vehumet.
Vehumet was aware of your devotion.
You were not hungry.

You visited 1 branch of the dungeon, and saw 4 of its levels.
You also visited: Sewer.

You collected 223 gold pieces.

Inventory:

Hand Weapons
 a - a +0 dagger of holy wrath (weapon)
   (You took it off a goblin on level 1 of the Dungeon)
Missiles
 f - 75 stones (quivered)
 t - 4 tomahawks
Armour
 r - a +0 pair of boots (worn)
   (You found it on level 3 of the Dungeon)
 u - a +0 pair of gloves (worn)
   (You found it on level 4 of the Dungeon)
Jewellery
 e - an uncursed amulet of rage {+Rage, !d}
   (You found it on level 3 of the Dungeon)
 q - an amulet of the acrobat (around neck)
   (You found it on level 3 of the Dungeon)
Scrolls
 c - 2 scrolls of enchant armour
 g - a scroll of immolation {unknown}
 h - a scroll of amnesia
 i - 2 scrolls of random uselessness
 k - a scroll of enchant weapon {unknown}
 l - a scroll of teleportation
 m - a scroll of magic mapping {unknown}
 n - 2 scrolls of fear {unknown}
 o - 3 scrolls of remove curse
Potions
 d - a potion of brilliance
 j - 2 potions of agility
 p - 2 potions of curing
 s - a potion of flight
Comestibles
 b - 7 rations


   Skills:
 - Level 1.7 Dodging
 + Level 3.1 Stealth
 + Level 3.2 Spellcasting
 + Level 2.9 Conjurations
 + Level 4.1 Fire Magic


You had 2 spell levels left.
You knew the following spells:

 Your Spells              Type           Power        Failure   Level  Hunger
a - Flame Tongue          Conj/Fire      ##...        4%          1    None
b - Conjure Flame         Conj/Fire      ##......     13%         3    ###....
c - Sticky Flame          Conj/Fire      ##......     38%         4    ####...

Your spell library contained the following spells:

 Spells                   Type           Power        Failure   Level  Hunger
 Sting                    Conj/Pois      #...         10%         1    None
 Throw Flame              Conj/Fire      ##....       6%          2    ##.....
 Inner Flame              Hex/Fire       #.......     24%         3    ###....
 Fireball                 Conj/Fire      ##........   75%         5    ######.


Dungeon Overview and Level Annotations

Branches:
Dungeon (4/15)
 Temple: D:4-7

Altars:
Cheibriados
Okawaru
Vehumet


Innate Abilities, Weirdness & Mutations

Your plain brown scales are hard. (AC +5)
You cannot fit into any form of body armour.
You are cold-blooded and may be slowed by cold attacks.


Message History

The flame tongue hits the goblin!
You kill the goblin!
Vehumet accepts your kill.
You are engulfed in a cloud of scalding steam.
You start resting.
Magic restored.
HP restored.
c - 2 scrolls of enchant armour (gained 1)
An adder comes into view.
Found a stone staircase leading down.
Casting: Flame Tongue (safe; 4% risk of failure)
Confirm with . or Enter, or press ? or * to list all spells.
You can't see any susceptible monsters within range! (Use Z to cast anyway.)
The helpless adder fails to defend itself.
You puncture the adder!
You kill the adder!
Vehumet accepts your kill.
An orc comes into view. It is wielding a -3 whip.
An orc is nearby!
An orc comes into view.
An orc comes into view. It is wielding a +0 flail.
The helpless orc fails to defend itself.
You puncture the orc!
You kill the orc!
Vehumet accepts your kill.
The orc throws a tomahawk.
The tomahawk closely misses you.
Casting: Flame Tongue (safe; 4% risk of failure)
Confirm with . or Enter, or press ? or * to list all spells.
Aiming: Flame Tongue (safe; 4% risk of failure)
Press: ? - help, Shift-Dir - straight line, f - orc
Aim: an orc The flame tongue hits the orc!
You kill the orc!
Vehumet accepts your kill.
The orc shouts!
An orc comes into view.
You see here a tomahawk.
You see here a tomahawk.
Casting: Flame Tongue (safe; 4% risk of failure)
Confirm with . or Enter, or press ? or * to list all spells.
You can't see any susceptible monsters within range! (Use Z to cast anyway.) Unknown command.
Casting: Flame Tongue (safe; 4% risk of failure)
Confirm with . or Enter, or press ? or * to list all spells.
Aiming: Flame Tongue (safe; 4% risk of failure)
Press: ? - help, Shift-Dir - straight line, f - orc
Aim: an orc, wielding a +0 flail and wearing a +0 leather armour The flame tongue hits the orc!
You kill the orc!
Vehumet accepts your kill.
You can now gain magical power from killing.
Vehumet offers you knowledge of Sting.
Okay, then.
t - a tomahawk
There are no items here.
You are feeling hungry.
Things that are here:
a +0 flail; a +0 leather armour; an orc corpse
Things that are here:
a cursed -3 whip; a +0 leather armour; an orc corpse You butcher the orc corpse.
v - a chunk of flesh {@w0}
Things that are here:
a cursed -3 whip; a +0 leather armour; an orc skeleton Eating a chunk of flesh {@w0}.
You eat the chunk of flesh {@w0}.
This raw flesh tastes terrible.
t - 4 tomahawks (gained 3)
o - 3 scrolls of remove curse (gained 1)
The orc shouts!
The orc is too close now for your liking.
An orc is nearby!
An ogre comes into view. It is wielding a +0 giant spiked club.
Casting: Flame Tongue (safe; 4% risk of failure)
Confirm with . or Enter, or press ? or * to list all spells.
Aiming: Flame Tongue (safe; 4% risk of failure)
Press: ? - help, Shift-Dir - straight line, f - ogre
Aim: an ogre, wielding a +0 giant spiked club (hasn't noticed you)
The flame tongue hits the ogre!
The ogre is moderately wounded.
The ogre shouts!
Casting: Flame Tongue (safe; 4% risk of failure)
Confirm with . or Enter, or press ? or * to list all spells.
Aiming: Flame Tongue (safe; 4% risk of failure)
Press: ? - help, Shift-Dir - straight line, f/p - ogre
Aim: an ogre, wielding a +0 giant spiked club (moderately wounded)
The flame tongue hits the ogre!
The ogre is heavily wounded.
The ogre hits you with a +0 giant spiked club!
The orc misses you.
Casting: Flame Tongue (safe; 4% risk of failure)
Confirm with . or Enter, or press ? or * to list all spells.
Aiming: Flame Tongue (safe; 4% risk of failure)
Press: ? - help, Shift-Dir - straight line, f/p - ogre
Aim: an ogre, wielding a +0 giant spiked club (heavily wounded)
The flame tongue hits the ogre.
The ogre is severely wounded.
The orc hits you.
The ogre hits you with a +0 giant spiked club!!
Ouch! That really hurt!
You die...

..... # .# ....#
#..# ..###...#.#..#
..##...#....###
...#...........
##.?#...#......
##..##.....#..#
..###...##........#
#!....O@.......##.#
....$..o.......##.#
#>
#.............)...#
#.
##.....###.....####
#. ##...####.....##
#. ##.........)..#
#. #######.#..#.#
#. #.#..#.#######.
#.#..#)##......


You could see an ogre and an orc.

Vanquished Creatures
  Purgy (Sewer)
  3 adders
  A river rat (D:4)
  2 oozes
  3 dart slugs
  2 leopard geckos
  4 orcs
  5 giant cockroaches
  9 goblins
  8 hobgoblins
  8 jackals (D:3)
  A ball python (D:4)
  9 bats
  4 frilled lizards
  5 kobolds
  4 rats
69 creatures vanquished.

Vanquished Creatures (others)
  A dart slug (D:3)
1 creature vanquished.

Grand Total: 70 creatures vanquished

Notes
Turn   | Place    | Note
-------+----------+-------------------------------------------
     0 | D:1      | sankara the Draconian Fire Elementalist began the quest for
                  | the Orb.
     0 | D:1      | Reached XP level 1. HP: 14/14 MP: 3/3
   230 | D:1      | Reached XP level 2. HP: 20/20 MP: 1/5
   470 | D:1      | Reached skill level 2 in Stealth
   785 | D:1      | Reached XP level 3. HP: 26/26 MP: 4/6
   880 | D:1      | Learned a level 3 spell: Conjure Flame
  1327 | D:2      | Reached skill level 2 in Conjurations
  1730 | D:3      | Found a radiant altar of Vehumet.
  1734 | D:3      | Became a worshipper of Vehumet
  1734 | D:3      | HP: 6/26 [something (8)]
  2151 | D:3      | Reached XP level 4. HP: 33/33 MP: 4/7
  2385 | D:3      | Learned a level 4 spell: Sticky Flame
  2799 | D:3      | Found a snail-covered altar of Cheibriados.
  3195 | D:4      | Found a glowing drain.
  3275 | Sewer    | Entered a sewer
  3498 | Sewer    | Noticed Purgy
  3531 | Sewer    | Killed Purgy
  3531 | Sewer    | Reached skill level 3 in Stealth
  3531 | Sewer    | Reached skill level 3 in Spellcasting
  3531 | Sewer    | Reached skill level 4 in Fire Magic
  3531 | Sewer    | Reached XP level 5. HP: 18/38 MP: 0/9
  3708 | D:4      | Found an iron altar of Okawaru.
  3802 | D:4      | Reached * piety under Vehumet
  3802 | D:4      | Offered knowledge of Sting by Vehumet.
  3823 | D:4      | Noticed an ogre
  3828 | D:4      | Slain by an ogre

Skill      XL: |  1  2  3  4 |
---------------+-------------+-----
Stealth        | 2 3 |  3.1
Conjurations   | 2 |  2.9
Spellcasting   | 3 |  3.2
Fire Magic     | 4 |  4.1
Dodging        | |  1.7

Action                   |  1- 3 |  4- 6 || total
-------------------------+-------+-------++-------
Melee: Dagger            |    46 |    13 ||    59
       Tailslap          |     4 |       ||     4
Throw: Stone             |       |     1 ||     1
 Cast: Flame Tongue      |    72 |    49 ||   121
       Sticky Flame      |       |     2 ||     2
  Use: Scroll            |       |     8 ||     8
       Potion            |       |     2 ||     2
 Stab: Sleeping          |     5 |     5 ||    10
  Eat: Chunk             |     5 |     6 ||    11
Armor: Skin              |    26 |    19 ||    45
Dodge: Dodged            |    54 |    38 ||    92

Levels and vault maps discovered:
D:1:      ncdulo_watergridlock, layout_basic, minmay_hexomino_u4
D:2:      cheibrodos_helix_gallery, layout_basic
D:3:      minmay_general_purpose_star, layout_loops_corners,
          lemuel_coloured_pillars_altar, fiery_altar_vehumet
D:4:      layout_loops_ring, kennysheep_okawaru_gauntlet, kennysheep_mini_moat,
          nicolae_overflow_crystal_walls, cheibrodos_sewer_entry_sluice,
          minmay_cupped
Sewer:    kennysheep_door_sewer

Table legend:
 A = Turns spent in this place as a percentage of turns spent in the entire game.
 B = Non-inter-level travel turns spent in this place as a percentage of non-inter-level travel turns spent in the entire game.
 C = Inter-level travel turns spent in this place as a percentage of turns spent in this place.
 D = Turns resting spent in this place as a percentage of non-inter-level travel turns spent in this place.
 E = Turns spent auto-exploring this place as a percentage of non-inter-level travel turns spent in this place.
 F = Non-inter-level travel turns spent in this place divided by the number of levels of this place that you've seen.
                   A       B       C       D       E      F
               +-------+-------+-------+-------+-------+----------------------
         Total | 100.0 | 100.0 |   2.1 |  31.1 |  47.7 | 749.4
       Dungeon |  89.1 |  88.8 |   2.4 |  28.7 |  51.1 | 832.2
         Sewer |  10.9 |  11.2 |   0.0 |  50.5 |  20.6 | 418.0
               +-------+-------+-------+-------+-------+----------------------

Table legend:
 A = Kills in this place as a percentage of kills in entire the game.
 B = Kills by you in this place as a percentage of kills by you in the entire game.
 C = Kills by friends in this place as a percentage of kills by friends in the entire game.
 D = Other kills in this place as a percentage of other kills in the entire game.
 E = Experience gained in this place as a percentage of experience gained in the entire game.
 F = Experience gained in this place divided by the number of levels of this place that you have seen.
                   A       B       C       D       E      F
               +-------+-------+-------+-------+-------+----------------------
         Total | 100.0 | 100.0 |   N/A |   N/A | 100.0 |  63.8
       Dungeon |  91.3 |  91.3 |   N/A |   N/A |  50.5 |  40.2
         Sewer |   8.7 |   8.7 |   N/A |   N/A |  49.5 | 158.0
               +-------+-------+-------+-------+-------+----------------------
